 Dungeon Crawl Stone Soup version 0.23-a0-143-g1adec7b (webtiles) character file.

5 Amnesiac the Sneak (level 1, -1/15 HPs)
             Began as a Mummy Wanderer on Sept 3, 2018.
             Slain by a frilled lizard (2 damage)
             ... on level 1 of the Dungeon.
             The game lasted 00:00:59 (171 turns).

Amnesiac the Sneak (Mummy Wanderer)                  Turns: 171, Time: 00:01:00

Health: -1/15      AC:  2    Str: 16    XL:     1   Next: 66%
Magic:  0/3        EV: 11    Int: 10    God:
Gold:   0          SH:  0    Dex: 11    Spells: 3/4 levels left

rFire    x . .     SeeInvis .   f - +0 dagger
rCold    + . .     Gourm    .   (no shield)
rNeg     + + +     Faith    .   d - +0 robe
rPois    ∞         Spirit   .   (no helmet)
rElec    .         Reflect  .   (no cloak)
rCorr    .         Harm     .   (no gloves)
MR       .....                  (no boots)
Stlth    ++........             (no amulet)
HPRegen  0.05/turn              (no ring)
MPRegen  0.08/turn              (no ring)

@: very slightly contaminated
A: no food or potions, fire vulnerability, cold resistance 1, negative energy
resistance 3, torment resistance, unbreathing
a: no special abilities


You were on level 1 of the Dungeon.
You were not hungry.

You visited 1 branch of the dungeon, and saw 1 of its levels.

Inventory:

Hand Weapons
 e - a +0 club
 f - a +0 dagger (weapon)
Armour
 d - a +0 robe (worn)
Scrolls
 c - 2 scrolls of teleportation {!r}


   Skills:
 - Level 1.0 Fighting
 - Level 1.0 Throwing
 - Level 2.4 Stealth
   Level 1.0 Shields
 - Level 1.0 Unarmed Combat
 + Level 2.3 Spellcasting
 - Level 1.7 Hexes


You had 3 spell levels left.
You knew the following spells:

 Your Spells              Type           Power        Failure   Level  Hunger
a - Corona                Hex            #......      14%         1    N/A

Your spell library contained the following spells:

 Spells                   Type           Power        Failure   Level  Hunger
 Flame Tongue             Conj/Fire      #....        30%         1    N/A
 Ensorcelled Hibernation  Hex/Ice        #.....       32%         2    N/A
 Confuse                  Hex            #.......     41%         3    N/A
 Tukima's Dance           Hex            #.......     41%         3    N/A
 Dazzling Spray           Conj/Hex       #.....       54%         3    N/A
 Ignite Poison            Fire/Tmut/Pois #.......     67%         3    N/A

Dungeon Overview and Level Annotations

Branches:
Dungeon (1/15)

Altars:


Innate Abilities, Weirdness & Mutations

You do not eat or drink.
Your flesh is vulnerable to fire.
You are immune to poison.
Your flesh is cold resistant. (rC+)
You are immune to negative energy. (rN+++)
You are immune to unholy pain and torment.
You can survive without breathing.


Message History

The jackal bites you but does no damage.
The jackal closely misses you.
You hit the jackal but do no damage. The jackal closely misses you.
You hit the jackal.
The jackal is lightly wounded.
The jackal bites you.
You hit the jackal but do no damage.
The jackal is lightly wounded.
The jackal barely misses you. The jackal bites you.
You hit the jackal.
The jackal is severely wounded.
The jackal bites you.
You hit the jackal.
The jackal is almost dead.
The jackal barely misses you. The jackal bites you.
You hit the jackal.
You kill the jackal!
The jackal bites you.
Casting: Corona (safe; 14% risk of failure)
Confirm with . or Enter, or press ? or * to list all spells.
You don't have enough magic to cast that spell.
You barely miss the jackal. The jackal bites you.
* * * LOW HITPOINT WARNING * * *
Casting: Corona (safe; 14% risk of failure)
Confirm with . or Enter, or press ? or * to list all spells.
You don't have enough magic to cast that spell.
The jackal closely misses you.
Casting: Corona (safe; 14% risk of failure)
Confirm with . or Enter, or press ? or * to list all spells.
Aiming: Corona (safe; 14% risk of failure)
Press: ? - help, Shift-Dir - straight line, f - jackal
Aim: a jackal (chance to defeat MR: 55%)
The jackal struggles to resist.
The jackal misses you. The jackal bites you.
* * * LOW HITPOINT WARNING * * *
You completely miss the jackal. The jackal barely misses you.
Casting: Corona (safe; 14% risk of failure)
Confirm with . or Enter, or press ? or * to list all spells.
You don't have enough magic to cast that spell.
A frilled lizard comes into view.
The jackal barely misses you.
The frilled lizard hisses angrily.
The frilled lizard completely misses you.
The jackal closely misses you.
You miss the frilled lizard.
The jackal bites you but does no damage.
The frilled lizard closely misses you.
You barely miss the frilled lizard. The jackal bites you.
* * * LOW HITPOINT WARNING * * *
The frilled lizard barely misses you. The jackal barely misses you.
You barely miss the frilled lizard.
The jackal bites you but does no damage.
The frilled lizard bites you.
* * * LOW HITPOINT WARNING * * *
Casting: Corona (safe; 14% risk of failure)
Confirm with . or Enter, or press ? or * to list all spells.
Aiming: Corona (safe; 14% risk of failure)
Press: ? - help, Shift-Dir - straight line, f/p - jackal
Aim: a jackal (chance to defeat MR: 55%)
You miscast Corona.
You are very lightly contaminated with residual magic.
Nothing appears to happen.
The jackal bites you.
* * * LOW HITPOINT WARNING * * *
The frilled lizard bites you.
You die...

.........[.# ####
###.......######...
###.†.#........##
#...#.########
#####.##.# #........#
#h###.#..# #h# #.#..#
#@# #.#..#
#######l###.#..######
....................#
######..###.......#)#
#..# ###.###.#+# #..#
###.# #.#.# #..#
#...# ###.### #..#
#.#.# #..<..# #.h#
#.#######.####


You could see 2 jackals and a frilled lizard.

Vanquished Creatures
  A bat (D:1)
  A goblin (D:1)
  2 jackals (D:1)
4 creatures vanquished.

Notes
Turn   | Place    | Note
-------+----------+-------------------------------------------
     0 | D:1      | Amnesiac the Mummy Wanderer began the quest for the Orb.
     0 | D:1      | Amnesiac set off with: a scroll of teleportation {!r}, a +0
                  | robe, a +0 club, a +0 dagger
     0 | D:1      | Reached XP level 1. HP: 15/15 MP: 2/2
     2 | D:1      | Learned a level 1 spell: Corona
   171 | D:1      | Slain by a frilled lizard

Vault maps used:
D:1:      shiori_shiawase

Skill      XL: |  1 |
---------------+----+-----
Spellcasting   | 2 |  2.3
Fighting       | |  1.0
Throwing       | |  1.0
Stealth        | |  2.4
Shields        | |  1.0
Unarmed Combat | |  1.0
Hexes          | |  1.7

Action                   || total
-------------------------++-------
Melee: Dagger            ||    11
       Club              ||     8
 Cast: Corona            ||     7
Armor: Robe              ||     8
Dodge: Dodged            ||    22

Table legend:
 A = Non-vault XP
 B = Vault XP
 C = Vault XP percentage of total XP
 D = Non-vault monster count
 E = Vault monster count
 F = Vault count percentage of total count
                 A         B        C        D         E       F
            +---------+---------+-------+---------+---------+-------
      Total |       8 |       0 |   0.0 |       4 |       0 |   0.0
            +---------+---------+-------+---------+---------+-------
        D:1 |       8 |       0 |   0.0 |       4 |       0 |   0.0
            +---------+---------+-------+---------+---------+-------
